AoeStats
← miguelon01

African Clearing

506579614Analyzed
4v4 RM · 18d ago on Sep 14, 2026· 39m 1s· 8 players
Game mode
Random Map
Map size
Large (8 player)
Population
200
Speed
Normal
Resources
Standard
Victory
Conquest
Starting age
Dark Age
Ending age
Imperial Age
RankedLock teamsTeams togetherTeam positionsShared explorationLock speedFull tech treeHidden civsTurbo modeCheats
Victory
Defeat
🇨🇳 Italians · China
1134
+19
🇵🇪 Huns · Peru
1120
+19
🇮🇳 Mongols · India
1066
+21
🇺🇸 Khitans · United States
1058
+23
🇧🇷 Huns · Brazil
1207
-21
🇲🇴 Georgians · Macao SAR China
1205
-21
🇨🇳 Vietnamese · China
1200
-21
🇨🇳 Aztecs · China
1152
-19
Koopa_Troopa99
5:27 Loom
14:42 Feudal Age
23:56 Castle Age
22:40 Scale Barding Armor
22:20 Man-at-Arms
27:42 Long Swordsman
28:19 Double-Bit Axe
29:33 Domestication
30:39 Fletching
32:09 Squires
32:32 Bodkin Arrow
34:35 Wheelbarrow
33:47 Town Watch
34:35 Bow Saw
34:31 Pastoralism
34:30 Arson
35:55 Hand Cart
36:26 Town Patrol
36:39 Gold Mining
36:35 Light Cavalry
38:11 Husbandry
38:57 Fervor
ssindho
12:16 Feudal Age
16:12 Castle Age
19:08 Loom
27:31 Horse Collar
30:46 Double-Bit Axe
32:07 Padded Archer Armor
33:04 Bow Saw
34:29 Leather Archer Armor
34:04 Fletching
34:30 Fletching
36:01 Bodkin Arrow
40:12 Imperial Age
39:53 Wheelbarrow
Execute290
12:52 Loom
15:01 Feudal Age
18:36 Castle Age
16:30 Double-Bit Axe
17:46 Fletching
17:56 Padded Archer Armor
18:48 Horse Collar
19:19 Bodkin Arrow
26:04 Bloodlines
26:41 Husbandry
34:37 Scale Barding Armor
34:43 Forging
39:50 Wheelbarrow
寻找迷失的爱
3:50 Loom
14:37 Feudal Age
18:36 Castle Age
16:27 Fishing Lines
17:05 Double-Bit Axe
20:18 Bow Saw
20:31 Gold Mining
24:22 Horse Collar
25:09 Fletching
31:25 Wheelbarrow
30:48 Bodkin Arrow
34:57 Imperial Age
33:25 Hand Cart
33:42 Padded Archer Armor
34:20 Ballistics
36:51 Chemistry
36:10 Bracer
36:26 Leather Archer Armor
36:21 Heavy Plow
37:08 Conscription
38:40 Forging
38:36 Scale Barding Armor
39:02 Ring Archer Armor
38:47 Bloodlines
HEADUP
4:13 Loom
13:31 Feudal Age
17:58 Castle Age
Barbaren
4:17 Loom
4:33 Loom
15:04 Feudal Age
17:22 Double-Bit Axe
18:08 Gold Mining
20:48 Castle Age
18:52 Stone Mining
20:08 Bloodlines
22:22 Bow Saw
23:41 Elite Skirmisher
27:19 Fletching
27:38 Horse Collar
31:19 Bodkin Arrow
Hermann_Meyer
13:47 Feudal Age
14:40 Double-Bit Axe
19:20 Castle Age
17:31 Horse Collar
18:01 Scale Mail Armor
18:03 Padded Archer Armor
18:01 Gold Mining
20:39 Loom
21:05 Crossbowman
22:37 Elite Skirmisher
24:53 Leather Archer Armor
24:29 Fletching
27:35 Squires
29:53 Heavy Plow
29:59 Bodkin Arrow
30:47 Forging
31:50 Chain Mail Armor
32:04 Ballistics
31:08 Eagle Warrior
33:31 Iron Casting
35:01 Wheelbarrow
35:01 Arson
35:24 Stone Mining
36:10 Gold Shaft Mining
35:23 Pikeman
36:58 Murder Holes
36:46 Treadmill Crane
41:41 Imperial Age
miguelon01
15:05 Feudal Age
13:31 Loom
16:31 Bloodlines
17:40 Double-Bit Axe
22:13 Horse Collar
Connection lost

Rejoining the realm…

Still unreachable

The connection could not be restored.

Session expired

The server has moved on; the page needs a fresh start.